AoeStats
← Jan the Hakker

Black Forest

508078550Analyzed
4v4 RM · 10d ago on Sep 20, 2026· 59m 55s· 8 players
Game mode
Random Map
Map size
Large (8 player)
Population
200
Speed
Normal
Resources
Standard
Victory
Conquest
Starting age
Dark Age
Ending age
Imperial Age
RankedLock teamsTeams togetherTeam positionsShared explorationLock speedFull tech treeHidden civsTurbo modeCheats
Victory
Defeat
🇳🇱 Poles · Netherlands
1617
+12
🇳🇱 Jurchens · Netherlands
1597
+13
🇬🇧 Spanish · United Kingdom
1462
+18
🇧🇪 Burgundians · Belgium
1414
+21
🇦🇷 Sicilians · Argentina
1549
-17
🇦🇷 Shu · Argentina
1543
-17
🇪🇨 Mongols · Ecuador
1498
-15
🇵🇪 Tatars · Peru
1491
-15
Manuel24
0:43 Loom
12:21 Feudal Age
18:19 Castle Age
16:23 Double-Bit Axe
16:41 Fishing Lines
19:21 Wheelbarrow
21:40 Hand Cart
22:16 Gold Mining
24:53 Gillnets
27:32 Horse Collar
29:41 Heavy Plow
31:38 Gold Shaft Mining
31:05 Fletching
31:15 Padded Archer Armor
35:19 Imperial Age
32:56 Stone Mining
33:45 Ballistics
33:23 Bodkin Arrow
34:17 Bow Saw
34:52 Leather Archer Armor
35:39 Bloodlines
35:30 Husbandry
35:25 Heavy Cavalry Archer
36:38 Conscription
36:37 Timurid Siegecraft
38:06 Chemistry
37:16 Bracer
39:16 Ring Archer Armor
38:55 Siege Engineers
45:42 Caravan
46:18 Capped Ram
47:39 Siege Ram
52:48 Elite Skirmisher
55:01 Silk Armor
Maty
1:54 Loom
15:02 Feudal Age
21:57 Castle Age
22:48 Fishing Lines
23:13 Double-Bit Axe
26:29 Bow Saw
26:18 Gillnets
27:44 Wheelbarrow
30:00 Hand Cart
31:50 Horse Collar
37:27 Imperial Age
35:05 Fletching
35:40 Ballistics
35:31 Masonry
36:13 Bodkin Arrow
36:34 Gold Mining
36:35 Stone Mining
36:49 Padded Archer Armor
38:22 Leather Archer Armor
38:19 Bloodlines
38:13 Husbandry
39:16 Chemistry
38:18 Bracer
37:42 Elite Mangudai
41:09 Thumb Ring
41:30 Parthian Tactics
41:22 Leather Archer Armor
41:56 Drill
41:57 Conscription
43:44 Onager
47:12 Gold Shaft Mining
47:08 Caravan
48:23 Murder Holes
48:34 Capped Ram
50:03 Siege Engineers
49:21 Siege Onager
51:15 Hoardings
55:45 Coinage
caizhi
11:53 Feudal Age
15:40 Castle Age
15:35 Double-Bit Axe
15:37 Fishing Lines
17:48 Bow Saw
20:54 Fervor
26:10 Wheelbarrow
29:19 Imperial Age
27:41 Hand Cart
27:11 Loom
27:57 Scale Mail Armor
28:08 Forging
27:59 Gold Mining
28:00 Stone Mining
27:52 Horse Collar
28:00 Town Watch
30:22 Iron Casting
30:02 Chain Mail Armor
30:18 Scale Barding Armor
29:37 Onager
29:39 Capped Ram
30:41 Cavalier
31:22 Husbandry
31:32 Bloodlines
32:46 Blast Furnace
32:58 Hauberk
33:14 Conscription
33:25 Plate Mail Armor
33:19 Chain Barding Armor
32:56 Pikeman
33:37 Squires
33:22 Arson
34:36 Man-at-Arms
35:02 Gambesons
35:08 Long Swordsman
36:20 Plate Mail Armor
36:26 Plate Barding Armor
35:41 Two-Handed Swordsman
36:54 Caravan
38:06 Coinage
37:47 Guilds
37:03 Siege Ram
37:07 Halberdier
42:41 Ballistics
42:14 Fletching
47:15 Gillnets
48:20 Light Cavalry
54:47 Masonry
55:16 Hoardings
таҗик
11:27 Feudal Age
14:59 Castle Age
13:18 Double-Bit Axe
13:35 Loom
13:43 Gold Mining
13:36 Fishing Lines
26:11 Horse Collar
28:31 Gillnets
29:09 Heavy Plow
29:22 Bow Saw
29:49 Wheelbarrow
28:59 Town Watch
30:33 Gold Shaft Mining
29:51 Stone Mining
33:16 Imperial Age
30:23 Crossbowman
31:14 Fletching
31:57 Thumb Ring
31:54 Padded Archer Armor
32:11 Bodkin Arrow
32:42 Forging
33:18 Caravan
34:11 Ballistics
33:23 Arbalester
34:05 Bracer
34:40 Conscription
35:44 Chemistry
35:03 Leather Archer Armor
35:56 Siege Engineers
35:16 Pikeman
35:57 Squires
36:34 Masonry
36:31 Scale Mail Armor
36:41 Forging
38:32 Halberdier
40:06 Chain Mail Armor
48:09 Plate Mail Armor
48:10 Ring Archer Armor
48:28 Coiled Serpent Array
48:34 Guard Tower
Fac Et Spera
0:58 Loom
13:34 Feudal Age
17:59 Castle Age
17:39 Fletching
17:55 Stone Mining
18:41 Double-Bit Axe
19:51 Bodkin Arrow
21:10 Wheelbarrow
20:22 Town Watch
22:28 Bow Saw
22:58 Horse Collar
30:27 Gold Mining
36:10 Imperial Age
33:52 Padded Archer Armor
35:39 Hand Cart
36:38 Husbandry
36:48 Bloodlines
37:21 Conscription
37:21 Leather Archer Armor
37:26 Elite Conquistador
39:22 Ring Archer Armor
39:40 Hoardings
42:59 Masonry
43:09 Ballistics
43:50 Chemistry
43:15 Supremacy
42:31 Capped Ram
42:57 Light Cavalry
43:44 Scale Barding Armor
43:49 Forging
43:44 Caravan
43:44 Siege Ram
44:17 Hussar
45:20 Chain Barding Armor
46:13 Iron Casting
47:51 Architecture
49:38 Blast Furnace
49:15 Plate Barding Armor
49:40 Ballistics
51:48 Two-Man Saw
51:50 Blast Furnace
51:54 Bracer
53:21 Heavy Plow
54:05 Fortified Wall
55:22 Cavalier
56:32 Paladin
59:40 Coinage
RIBBEN
5:31 Loom
13:24 Feudal Age
12:07 Double-Bit Axe
14:31 Bow Saw
20:34 Castle Age
18:46 Stone Mining
18:47 Gold Mining
18:39 Horse Collar
22:35 Two-Man Saw
22:23 Fishing Lines
22:46 Heavy Plow
22:54 Gillnets
25:04 Wheelbarrow
25:32 Coinage
25:20 Heavy Plow
26:37 Crop Rotation
27:35 Hand Cart
27:05 Town Watch
29:58 Gold Shaft Mining
29:58 Stone Shaft Mining
31:07 Fletching
31:18 Padded Archer Armor
31:41 Ballistics
34:03 Imperial Age
31:34 Town Patrol
31:51 Bodkin Arrow
32:53 Leather Archer Armor
32:51 Masonry
33:04 Caravan
33:06 Scale Mail Armor
32:46 Pikeman
33:27 Squires
33:12 Arson
33:40 Forging
33:30 Scale Mail Armor
35:17 Conscription
35:56 Iron Casting
35:52 Chain Mail Armor
35:57 Burgundian Vineyards
36:31 Fortified Wall
37:21 Chemistry
36:23 Bracer
36:00 Elite Skirmisher
37:44 Blast Furnace
37:41 Banking
38:30 Plate Mail Armor
38:02 Bracer
38:56 Architecture
38:45 Halberdier
40:15 Guilds
41:22 Treadmill Crane
41:33 Guard Tower
41:28 Arrowslits
41:49 Scale Barding Armor
41:32 Man-at-Arms
43:02 Hoardings
43:13 Chain Barding Armor
43:31 Keep
44:49 Plate Barding Armor
44:57 Murder Holes
44:59 Long Swordsman
46:03 Elite Coustillier
46:44 Two-Handed Swordsman
47:57 Champion
48:36 Light Cavalry
49:16 Husbandry
48:36 Cavalier
49:46 Hussar
53:02 Capped Ram
56:46 Bombard Tower
Ivolia
9:28 Loom
11:47 Feudal Age
16:00 Castle Age
14:24 Double-Bit Axe
15:58 Horse Collar
18:46 Bow Saw
20:43 Fishing Lines
22:58 Wheelbarrow
22:25 Heavy Plow
24:14 Gillnets
25:44 Szlachta Privileges
26:07 Scale Barding Armor
26:13 Gold Mining
26:43 Bloodlines
27:03 Husbandry
28:22 Chain Barding Armor
28:30 Town Watch
29:30 Hand Cart
29:49 Forging
32:15 Fortified Wall
33:28 Masonry
36:10 Imperial Age
35:19 Iron Casting
36:17 Cavalier
38:00 Blast Furnace
37:23 Conscription
37:43 Hoardings
38:24 Chemistry
37:26 Fletching
37:36 Padded Archer Armor
42:29 Bodkin Arrow
42:42 Light Cavalry
43:45 Lechitic Legacy
44:41 Murder Holes
44:52 Siege Engineers
45:01 Bracer
45:06 Elite Skirmisher
45:52 Thumb Ring
46:18 Caravan
46:35 Winged Hussar
47:58 Leather Archer Armor
48:12 Ballistics
53:34 Sappers
Jan the Hakker
12:15 Feudal Age
15:49 Castle Age
13:49 Double-Bit Axe
16:46 Bow Saw
16:51 Loom
18:07 Horse Collar
24:15 Scale Barding Armor
27:54 Wheelbarrow
27:43 Fishing Lines
28:49 Heavy Plow
29:13 Gillnets
31:02 Hand Cart
33:30 Imperial Age
31:35 Stone Mining
31:37 Gold Mining
32:47 Chain Barding Armor
32:37 Forging
32:29 Husbandry
32:40 Bloodlines
33:09 Gold Shaft Mining
33:37 Heavy Rocket Cart
34:05 Elite Steppe Lancer
35:28 Plate Barding Armor
36:42 Iron Casting
36:42 Siege Engineers
42:40 Chemistry
42:42 Blast Furnace
42:00 Caravan
42:30 Coinage
42:11 Guilds
42:18 Fortified Bastions
42:39 Conscription
42:14 Fletching
42:36 Masonry
42:47 Ballistics
43:44 Banking
43:31 Town Watch
46:58 Crop Rotation
47:29 Two-Man Saw
47:00 Thunderclap Bombs
46:51 Guard Tower
47:31 Architecture
46:49 Arrowslits
48:11 Keep
48:16 Bodkin Arrow
49:58 Treadmill Crane
57:58 Light Cavalry
Connection lost

Rejoining the realm…

Still unreachable

The connection could not be restored.

Session expired

The server has moved on; the page needs a fresh start.